 Dungeon Crawl Stone Soup version 0.28.0-53-g5a82cb258f (webtiles) character file.

Game seed: 2209057954123629172

1733 Kagerus the Carver (level 9, -1/71 HPs)
             Began as a Human Fighter on July 10, 2022.
             Was an Initiate of the Shining One.
             Slain by Duvessa
             ... wielding a +0 short sword
              (7 damage)
             ... on level 6 of the Dungeon.
             The game lasted 00:30:52 (10539 turns).

Kagerus the Carver (Human Fighter)                 Turns: 10539, Time: 00:30:53

Health: -1/71      AC: 13    Str: 19    XL:     9   Next: 25%
Magic:  9/9        EV:  7    Int:  8    God:    the Shining One [......]
Gold:   262        SH: 10    Dex: 15    Spells: 8/8 levels left

rFire   . . .      SeeInvis .   a - +0 long sword
rCold   . . .      Faith    .   c - +0 buckler
rNeg    . . .      Spirit   .   C - +0 chain mail
rPois   .          Reflect  +   (helmet restricted)
rElec   .          Harm     .   (no cloak)
rCorr   .          Rampage  .   I - +2 pair of gloves
Will    .....                   (no boots)
Stlth   ..........              n - amulet of reflection
HPRegen 0.21/turn               (no ring)
MPRegen 0.11/turn               (no ring)

@: glowing, unable to read
A: horns 1, inability to read while threatened
a: Renounce Religion


You were on level 6 of the Dungeon.
You worshipped the Shining One.
The Shining One was noncommittal.
You visited 2 branches of the dungeon, and saw 8 of its levels.

You collected 262 gold pieces.

Inventory:

Hand Weapons
 a - a +0 long sword (weapon)
 k - a +0 hunting sling
Missiles
 g - 232 stones (quivered)
 m - 11 sling bullets
Armour
 c - a +0 buckler (worn)
 q - a +1 pair of gloves
 x - a +3 leather armour of poison resistance
 C - a +0 chain mail (worn)
 I - a +2 pair of gloves (worn)
Magical Staves
 b - a staff of fire
 i - a staff of cold
Jewellery
 n - an amulet of reflection (around neck)
 H - a ring of fire
Wands
 t - a wand of charming (20)
 u - a wand of acid (1)
 v - a wand of flame (16)
 K - a wand of polymorph (5)
Scrolls
 f - a scroll of torment {unknown}
 j - 2 scrolls of teleportation
 o - a scroll of amnesia
 p - a scroll of brand weapon {unknown}
 r - a scroll of acquirement {unknown}
 s - a scroll of enchant armour
 y - a scroll of fog {unknown}
 E - a scroll of noise {unknown}
 G - a scroll of summoning {unknown}
 J - a scroll of magic mapping {unknown}
Potions
 d - a potion of might
 e - 3 potions of haste
 h - 2 potions of degeneration {unknown}
 l - a potion of cancellation {unknown}
 w - a potion of magic {unknown}
 z - 2 potions of mutation
 A - a potion of invisibility {unknown}
 B - a potion of resistance
 D - 3 potions of curing {unknown}
 F - a potion of lignification {unknown}


   Skills:
 + Level 6.5 Fighting
 - Level 8.0 Long Blades
 + Level 6.5 Armour
 - Level 3.0 Shields


You had 8 spell levels left.
You didn't know any spells.
Your spell library was empty.

Dungeon Overview and Level Annotations

Branches:
Dungeon (7/15)             Temple (1/1) D:6

Altars:
Ashenzari
Cheibriados
Dithmenos
Elyvilon
Fedhas
Gozag
Kikubaaqudgha
Nemelex Xobeh
Okawaru
Qazlal
Ru
Sif Muna
Trog
Uskayaw
Vehumet
Wu Jian
Xom
Yredelemnul
Zin
The Shining One

Annotations:
D:6 Duvessa


Innate Abilities, Weirdness & Mutations

You have a pair of small horns on your head.
You sometimes lose the ability to read scrolls when taking damage.


Message History

Duvessa is lightly wounded.
Duvessa hits you with a +0 short sword!
You slash Duvessa!
Duvessa is moderately wounded.
You block Duvessa's attack. x2
You hit Duvessa.
Duvessa is moderately wounded.
Duvessa hits you but does no damage.
You closely miss Duvessa.
Duvessa is moderately wounded.
Duvessa barely misses you. You block Duvessa's attack.
Duvessa rages.
You block Duvessa's attack.
You hit Duvessa.
Duvessa is heavily wounded.
Duvessa hits you with a +0 short sword! Duvessa hits you with a +0 short sword.
Duvessa hits you with a +0 short sword.
There is a stone staircase leading up, spattered with blood here.
Duvessa closely misses you.
You climb upwards.
There is a stone staircase leading down here.
Duvessa barely misses you. Duvessa hits you with a +0 short sword!
* * * LOW HITPOINT WARNING * * *
You see here a +0 ring mail.
Duvessa rages.
You block Duvessa's attack. You block Duvessa's attack.
You block Duvessa's attack. Duvessa hits you but does no damage.
It was a potion of mutation.
You feel extremely strange. A pair of horns grows on your head!
You lose the ability to read scrolls when threatened.
You block Duvessa's attack. Duvessa hits you with a +0 short sword!
You feel threatened and lose the ability to read scrolls!
* * * LOW HITPOINT WARNING * * *
You are illuminated by a small divine halo.
You are glowing.
You cannot read scrolls.
Your movement speed is average.
Your attack delay is about 1.0.
Duvessa hits you with a +0 short sword!
You die...

#..# #####.#.##.#.#### #..#
#......>#........
#..#########.###[###.#......
#..##........# #.# #...#####
#..##.######## #.# #####
#..##.# #.# #..##.## #.#
#### #......#########.# #...
#.##.#.....@e....# #.##
#..##..########### #.#
#######.###.# #.#
#...........# ##### #.#
#†###'##########...# #.# #.#
#......#..##...### #.# #.#
#......#.........# #.# #.#
#......#.........# #####.#
#.# ####...#......<..#
#.....#


You could see Duvessa (berserk).

Vanquished Creatures
  The ghost of glosham the Magician, a novice DjCA of Ignis (D:5)
  An ice beast (D:5)
  2 sky beasts (D:6)
  A centaur (D:5)
  A phantom (D:6)
  2 scorpions
  Dowan (D:7)
  A bullfrog zombie (D:5)
  A centaur zombie (D:6)
  3 hounds
  2 bullfrog skeletons (D:5)
  A jelly (D:6)
  An orc priest (D:6)
  A centaur skeleton (D:6)
  2 iguanas
  Ijyb (D:4)
  2 orc wizards
  Natasha (twice) (D:2)
  A bullfrog simulacrum (D:5)
  A centaur simulacrum (D:5)
  A hound zombie (D:5)
  A scorpion simulacrum (D:5)
  2 hound skeletons
  A killer bee simulacrum (D:5)
  3 gnolls
  7 adders
  A shadow imp (D:6)
  3 white imps
  A howler monkey simulacrum (D:5)
  4 ufetubi
  A worm (D:2)
  A dart slug (D:2)
  10 orcs
  8 ball pythons
  6 bats
  4 endoplasms
  2 giant cockroaches (D:1)
  3 hobgoblins
  4 jackals
  4 kobolds
  6 quokkas
  2 frilled lizards
  5 goblins
  5 rats
113 creatures vanquished.

Vanquished Creatures (others)
  6 fungi (D:6)
6 creatures vanquished.

Grand Total: 119 creatures vanquished

Notes
Turn   | Place    | Note
-------+----------+-------------------------------------------
     0 | D:1      | Kagerus the Human Fighter began the quest for the Orb.
     0 | D:1      | Reached XP level 1. HP: 18/18 MP: 1/1
   266 | D:1      | Reached XP level 2. HP: 24/24 MP: 2/2
   268 | D:1      | Found a faded altar of an unknown god.
   486 | D:1      | Reached skill level 3 in Long Blades
  1416 | D:2      | Reached XP level 3. HP: 29/29 MP: 3/3
  1963 | D:2      | Reached skill level 4 in Long Blades
  1963 | D:2      | Reached XP level 4. HP: 35/35 MP: 4/4
  2203 | D:2      | Noticed Natasha
  2247 | D:2      | Killed Natasha
  2416 | D:2      | Noticed Natasha
  2501 | D:2      | Killed Natasha
  2502 | D:2      | Reached XP level 5. HP: 41/41 MP: 5/5
  3063 | D:2      | Reached skill level 5 in Long Blades
  4099 | D:3      | Reached XP level 6. HP: 44/47 MP: 6/6
  4188 | D:4      | Noticed Ijyb
  4204 | D:4      | Killed Ijyb
  4205 | D:4      | Reached skill level 6 in Long Blades
  4427 | D:4      | Noticed an ogre
  5757 | D:5      | Entered Level 5 of the Dungeon
  5853 | D:5      | Reached skill level 7 in Long Blades
  5853 | D:5      | Reached XP level 7. HP: 45/52 MP: 7/7
  5936 | D:5      | Found a runed translucent gate.
  5940 | D:5      | Found a runed translucent gate.
  5941 | D:5      | Found a runed translucent gate.
  5995 | D:5      | Noticed glosham's ghost (novice DjCA)
  6316 | D:5      | Killed glosham's ghost
  6317 | D:5      | Reached skill level 8 in Long Blades
  6317 | D:5      | Reached XP level 8. HP: 48/61 MP: 8/8
  6975 | D:5      | Reached skill level 5 in Armour
  7001 | D:5      | Reached skill level 5 in Fighting
  8081 | D:6      | Reached XP level 9. HP: 55/69 MP: 9/9
  8588 | D:6      | Found a staircase to the Ecumenical Temple.
  8604 | Temple   | Entered the Ecumenical Temple
  8785 | Temple   | Became a worshipper of the Shining One
  9499 | D:7      | Noticed Duvessa
  9500 | D:7      | Noticed Dowan
  9745 | D:7      | Killed Dowan
 10537 | D:6      | Gained mutation: You have a pair of small horns on your
                  | head. [potion of mutation]
 10537 | D:6      | Gained mutation: You sometimes lose the ability to read
                  | scrolls when taking damage. [potion of mutation]
 10539 | D:6      | Slain by Duvessa

Illustrated notes

Levels and vault maps discovered:
D:1:      lemuel_arrival_cross, layout_loops_corners,
          ebering_ecumenical_altar_sacrificial
D:2:      layout_basic, uniq_natasha
D:3:      layout_basic, grunt_decor_one_mirror, minmay_misc_feat_rugged
D:4:      wander_river, layout_rooms, serial_bayou_crossing, uniq_ijyb
D:5:      layout_gridville, gammafunk_ghost_icy, fountainhead,
          minmay_misc_feat_cross, serial_park_tiny_1
D:6:      layout_loops_ring, minmay_temple_entry_proselytizer, serial_aquarium,
          aquarium_bridge_straight [aquarium_subvault_bridge,
          aquarium_subvault_balcony, aquarium_subvault_bridge,
          aquarium_subvault_wall], aquarium_window_fake, aquarium_window_2,
          aquarium_window_1, aquarium_window_fake, aquarium_view_2d,
          aquarium_pool_side
D:7:      layout_layer_cave, lemuel_crystal_altar, uniq_duvessa
Temple:   regret_index_temple_chain_breaker

Skill      XL: |  1  2  3  4  5  6  7  8  9 |
---------------+----------------------------+-----
Long Blades    | 3 4 5 7 8 |  8.0
Fighting       | 4 5 6 |  6.5
Armour         | 4 5 6 |  6.5
Shields        | |  3.0

Action                   |  1- 3 |  4- 6 |  7- 9 || total
-------------------------+-------+-------+-------++-------
Melee: Long sword        |    97 |   131 |   224 ||   452
       Unarmed           |       |       |     2 ||     2
 Fire: Hunting sling     |       |     1 |       ||     1
Evoke: Wand              |       |     3 |       ||     3
  Use: Scroll            |     1 |     1 |     3 ||     5
       Potion            |       |       |     1 ||     1
Armor: Scale mail        |    46 |    62 |       ||   108
       Chain mail        |       |     8 |    88 ||    96
Dodge: Dodged            |    40 |    69 |    53 ||   162
Block: Buckler           |    34 |    95 |    96 ||   225
       Reflection        |     2 |     5 |     1 ||     8
